 Dungeon Crawl Stone Soup version 0.18.1-48-g4cf74bf (webtiles) character file.

632 tyranidshit the Fighter (level 7, -1/63 HPs)
             Began as a Demonspawn Abyssal Knight on Sept 7, 2016.
             Was an Elder of Lugonu.
             Slain by a sky beast (6 damage)
             ... on level 5 of the Dungeon.
             The game lasted 00:17:15 (3556 turns).

tyranidshit the Fighter (Demonspawn Abyssal Knight) Turns: 3556, Time: 00:17:16

Health: -1/63      AC: 14    Str: 14    XL:     7   Next: 24%
Magic:  17/17      EV:  3    Int: 13    God:    Lugonu [****..]
Gold:   180        SH:  3    Dex: 13    Spells: 2 memorised, 3 levels left

rFire  + . .     SeeInvis .     o - +0 war axe
rCold  . . .     Gourm    .     p - +0 plate armour
rNeg   . . .     Faith    .     (no shield)
rPois  .         Spirit   .     (helmet restricted)
rElec  .         Dismiss  .     (no cloak)
rCorr  .         Reflect  .     j - +0 pair of gloves
SustAt .         Harm     .     (no boots)
MR     .....                    (no amulet)
Stlth  ..........               (no ring)
                                e - ring of magical power

@: drained, not resistant to hostile enchantments, extremely unstealthy
A: antennae 1, large bone plates 2, fire resistance 1, powered by pain 1
a: Depart the Abyss, Bend Space, Banish, Corrupt, Renounce Religion


You were on level 5 of the Dungeon.
You worshipped Lugonu.
Lugonu was greatly pleased with you.
You were not hungry.

You visited 1 branch of the dungeon, and saw 6 of its levels.
You visited the Abyss 1 time.

You collected 180 gold pieces.

Inventory:

Hand Weapons
 a - a +2 hand axe
 o - a +0 war axe (weapon)
Missiles
 k - a throwing net (quivered)
Armour
 j - a +0 pair of gloves (worn)
 m - a +1 scale mail of fire resistance
 p - a +0 plate armour (worn)
Jewellery
 e - a ring of magical power (left hand)
Scrolls
 f - 6 scrolls of noise
 h - 9 scrolls of identify
Potions
 l - 4 potions of agility
Books
 q - a book of Spatial Translocations

   Spells                             Type                      Level
   a - Apportation                    Translocation                1
   b - Blink                          Translocation                2
   c - Shroud of Golubria             Charms/Translocation         2
   d - Portal Projectile              Translocation                3
   e - Teleport Other                 Translocation                3
   f - Passage of Golubria            Translocation                4
 r - Kikubaaqudgha's Volume of Stolen Souls
   (You found it on level 4 of the Dungeon)

   Spells                             Type                      Level
   a - Animate Skeleton               Necromancy                   1
Comestibles
 b - 3 fruits
 c - a bread ration
 i - 2 meat rations
 s - a slice of pizza


   Skills:
 + Level 8.5(8.3) Fighting
 - Level 1.7(1.6) Axes
 - Level 1.7(1.6) Armour
 - Level 0.8(0.6) Dodging
 - Level 2.4(2.2) Invocations


You had 3 spell levels left.
You knew the following spells:

 Your Spells              Type           Power        Failure   Level  Hunger
a - Blink                 Tloc           N/A          100%        2    ###....
b - Apportation           Tloc           #.........   100%        1    ##.....


Dungeon Overview and Level Annotations

Branches:
Dungeon (6/15)
 Temple: D:4-7

Altars:
Kikubaaqudgha
Qazlal
Sif Muna
Vehumet


Innate Abilities, Weirdness & Mutations

You have a pair of small antennae on your head.
You are mostly covered in large bone plates (AC +3, SH +3).
Your flesh is heat resistant.
You sometimes gain a little power by taking damage.


Message History

The sky beast is severely wounded.
The sky beast barely misses you.
The sky beast hits you but does no damage.
You hit the sky beast but do no damage.
The sky beast is severely wounded.
The sky beast hits you. The sky beast shocks you.
You closely miss the sky beast.
The sky beast is severely wounded.
The sky beast hits you. The sky beast shocks you.
* * * LOW HITPOINT WARNING * * *
The sky beast hits you.
* * * LOW HITPOINT WARNING * * *
The sky beast shocks you.
* * * LOW HITPOINT WARNING * * *
You hit the sky beast.
The sky beast is almost dead.
The sky beast hits you.
* * * LOW HITPOINT WARNING * * *
The sky beast shocks you.
You die...

..........# ..........####
.............##.
................
.......≈........
.....#)≈.....#. ### ###.#.###
# #Y# .. .# #@# ...#
#.#####.#####....#
#.#....#...#........
#........#.......... #########
#######............. #.....(.#
##................
#.......#####..#####>##..>....
#.......#.......# #.......##.
#...............# #.####.....


You could see a sky beast.

Vanquished Creatures
  A giant frog skeleton (D:4)
  A jelly (D:4)
  2 orc priests
  A hound (D:4)
  7 orc wizards
  3 worker ants (D:4)
  7 adders
  An ooze (D:4)
  2 worms
  A giant gecko (D:2)
  18 orcs
  4 bats
  3 giant cockroaches
  15 goblins
  6 hobgoblins
  5 jackals (D:2)
  4 kobolds
  3 quokkas
  4 ball pythons
  6 giant newts
  6 rats
100 creatures vanquished.

Vanquished Creatures (others)
  An orc wizard (D:4)
  A worker ant (D:6)
2 creatures vanquished.

Grand Total: 102 creatures vanquished

Notes
Turn   | Place    | Note
--------------------------------------------------------------
     0 | Abyss:1  | tyranidshit the Demonspawn Abyssal Knight began the quest for the Orb.
     0 | Abyss:1  | Reached XP level 1. HP: 18/18 MP: 2/2
    32 | Abyss:1  | Found a corrupted altar of Lugonu.
    75 | Abyss:1  | Found a corrupted altar of Lugonu.
   108 | D:1      | Escaped the Abyss
   250 | D:1      | Gained mutation: You are partially covered in large bone plates (AC +2, SH +2). [demonic ancestry]
   250 | D:1      | Reached XP level 2. HP: 14/24 MP: 3/3
   398 | D:1      | Reached ** piety under Lugonu
   403 | D:1      | Reached skill level 4 in Fighting
   583 | D:2      | Gained mutation: Your flesh is heat resistant. [demonic ancestry]
   583 | D:2      | Reached XP level 3. HP: 30/30 MP: 4/4
   979 | D:2      | Gained mutation: You are mostly covered in large bone plates (AC +3, SH +3). [demonic ancestry]
   979 | D:2      | Reached XP level 4. HP: 37/38 MP: 5/5
  1170 | D:2      | Reached skill level 5 in Fighting
  1620 | D:3      | Reached *** piety under Lugonu
  1633 | D:3      | Found a stormy altar of Qazlal.
  1647 | D:3      | Reached XP level 5. HP: 46/46 MP: 6/6
  1814 | D:2      | Reached skill level 6 in Fighting
  2175 | D:4      | Gained mutation: You have a pair of small antennae on your head. [demonic ancestry]
  2175 | D:4      | Reached XP level 6. HP: 28/53 MP: 7/7
  2188 | D:4      | Learned a level 2 spell: Blink
  2196 | D:4      | Found an ancient bone altar of Kikubaaqudgha.
  2196 | D:4      | Found a deep blue altar of Sif Muna.
  2202 | D:4      | Found a radiant altar of Vehumet.
  2206 | D:4      | Identified Kikubaaqudgha's Volume of Stolen Souls
  2269 | D:4      | Reached skill level 7 in Fighting
  2737 | D:4      | Reached **** piety under Lugonu
  3047 | D:5      | Entered Level 5 of the Dungeon
  3109 | D:4      | Reached skill level 8 in Fighting
  3110 | D:4      | Gained mutation: You sometimes gain a little power by taking damage. [demonic ancestry]
  3110 | D:4      | Reached XP level 7. HP: 40/62 MP: 8/8
  3115 | D:4      | Learned a level 1 spell: Apportation
  3556 | D:5      | Slain by a sky beast

Skill      XL: |  1  2  3  4  5  6 |
---------------+-------------------+-----
Fighting       | 4 5 6 8 |  8.5
Axes           | |  1.7
Armour         | |  1.7
Dodging        | |  0.8
Invocations    | |  2.4

Action                   |  1- 3 |  4- 6 |  7- 9 || total
-------------------------+-------+-------+-------++-------
Melee: Hand axe          |   114 |   127 |       ||   241
       War axe           |       |   125 |    67 ||   192
Invok: Bend Space        |       |       |     1 ||     1
  Use: Scroll            |     6 |     2 |     2 ||    10
       Potion            |     6 |     4 |       ||    10
  Eat: Bread ration      |     1 |     1 |       ||     2
       Fruit             |       |       |     1 ||     1
Armor: Chain mail        |    78 |       |       ||    78
       Scale mail        |    26 |    77 |       ||   103
       Plate armour      |       |   144 |    58 ||   202
Dodge: Dodged            |    48 |    71 |    10 ||   129
Block: Other             |    10 |    46 |     9 ||    65
